AoeStats
← Juanchilagos

Golden Pit

503275369Analyzed
1v1 RM · 1mo ago on Aug 30, 2026· 28m 55s· 2 players
Game mode
Random Map
Map size
Tiny (2 player)
Population
200
Speed
Normal
Resources
Standard
Victory
Conquest
Starting age
Dark Age
Ending age
Imperial Age
RankedLock teamsTeams togetherTeam positionsShared explorationLock speedFull tech treeHidden civsTurbo modeCheats
Victory
Defeat
🇹🇷 Turks · Türkiye
1204
+15
🇦🇷 Bohemians · Argentina
1193
-15
Juanchilagos
10:54 Feudal Age
12:01 Loom
19:28 Castle Age
26:21 Redemption
Bazook
7:22 Loom
10:15 Feudal Age
11:01 Double-Bit Axe
14:14 Wheelbarrow
13:50 Scale Barding Armor
16:13 Forging
18:32 Horse Collar
19:05 Bloodlines
22:38 Fletching
25:30 Castle Age
27:03 Crossbowman
Connection lost

Rejoining the realm…

Still unreachable

The connection could not be restored.

Session expired

The server has moved on; the page needs a fresh start.